 Dungeon Crawl Stone Soup version 0.20.1-1-g8b1a95d (webtiles) character file.

270 Gets the Stinger (level 6, -3/48 HPs)
             Began as a Gargoyle Venom Mage on July 23, 2017.
             Slain by Duvessa
             ... wielding a +0 short sword
              (6 damage)
             ... on level 4 of the Dungeon.
             The game lasted 00:13:03 (5175 turns).

Gets the Stinger (Gargoyle Venom Mage)              Turns: 5175, Time: 00:13:04

Health: -3/48      AC: 23    Str: 11    XL:     6   Next: 22%
Magic:  1/10       EV:  2    Int: 18    God:
Gold:   135        SH:  0    Dex: 10    Spells: 5/11 levels left

rFire    . . .     SeeInvis .   e - +0 short sword
rCold    . . .     Gourm    .   (no shield)
rNeg     + + +     Faith    .   (armour currently unavailable)
rPois    ∞         Spirit   .   (helmet currently unavailable)
rElec    .         Reflect  .   (cloak currently unavailable)
rCorr    .         Harm     .   (gloves currently unavailable)
MR       +....     NoTele   +   (boots currently unavailable)
Stlth    ++........             (no amulet)
Regen    0.2/turn               f - ring of protection from magic
MPRegen  0.2/turn               v - ring of flight

@: tree-form
A: negative energy resistance 1, petrification resistance, rot immunity, AC +4
a: no special abilities


You were on level 4 of the Dungeon.
You were very hungry.
You were a tree.
You visited 1 branch of the dungeon, and saw 4 of its levels.

You collected 135 gold pieces.

Inventory:

Hand Weapons
 e - a +0 short sword (weapon)
Armour
 a - a +0 robe (melded)
 o - a +1 pair of boots (melded)
 p - a +1 pair of gloves (melded)
Jewellery
 f - a ring of protection from magic (left branch)
 v - a ring of flight (right branch)
Scrolls
 d - 3 scrolls of enchant armour
 k - a scroll of recharging {unknown}
 l - a scroll of teleportation {unknown}
 m - 2 scrolls of magic mapping {unknown}
 n - 2 scrolls of identify
 q - a scroll of enchant weapon {unknown}
 s - a scroll of random uselessness {unknown}
 t - 2 scrolls of noise {unknown}
Potions
 i - a potion of flight
 j - a potion of curing {unknown}
Books
 b - a Young Poisoner's Handbook

   Spells                             Type                      Level
   a - Sting                          Conjuration/Poison           1
   b - Poisonous Vapours              Poison/Air                   2
   c - Mephitic Cloud                 Conjuration/Poison/Air       3
   d - Olgreb's Toxic Radiance        Poison                       4
   e - Venom Bolt                     Conjuration/Poison           5
Comestibles
 c - a bread ration
 h - a royal jelly
 r - a fruit
 u - a meat ration


   Skills:
 - Level 1.5 Dodging
 - Level 2.1 Stealth
 + Level 3.3 Spellcasting
 + Level 3.1 Conjurations
 * Level 2.5 Air Magic
 + Level 4.1 Poison Magic


You had 5 spell levels left.
You knew the following spells:

 Your Spells              Type           Power        Failure   Level  Hunger
a - Sting                 Conj/Pois      ###.         3%          1    None
b - Poisonous Vapours     Pois/Air       ##....       6%          2    ##.....
c - Mephitic Cloud        Conj/Pois/Air  ##......     12%         3    ###....


Dungeon Overview and Level Annotations

Branches:
Dungeon (4/15)
 Temple: D:4-7

Altars:
Cheibriados
Yredelemnul
Zin

Annotations:
D:3 Grinder
D:4 Duvessa


Innate Abilities, Weirdness & Mutations

You are resistant to torment.
((Your stone body is resilient. (AC +4)))
You are immune to poison.
You resist negative energy. (rN+)
((You are resistant to electric shocks. (rElec)))
((You can survive without breathing.))
You are immune to petrification.
You are immune to rotting.


Message History

Casting: Sting
Confirm with . or Enter, or press ? or * to list all spells.
Aiming: Sting
Press: ? - help, Shift-Dir - straight line, f/p - Duvessa
Aim: Duvessa, wielding a short sword and wearing a ring mail (severely wounded, berserk, fast, unusually strong, poisoned)
The sting hits Duvessa.
Duvessa appears unharmed.
Duvessa is severely wounded.
Duvessa closely misses you. Duvessa misses you.
You are feeling very hungry.
Duvessa hits you but does no damage.
Duvessa rages.
Duvessa hits you but does no damage. Duvessa hits you with a short sword.
* * * LOW HITPOINT WARNING * * *
It was a potion of lignification.
You turn into a tree.
Your +1 pair of gloves melds into your body.
Your +1 pair of boots melds into your body.
Your +0 robe melds into your body.
Your roots penetrate the ground.
Duvessa hits you with a short sword.
You die...

####### ############# #.....#####
#..†.(......#
###.#.#.#.#.###.######.....
#.........[......##.......†
#.###.......#..........##.#
#.......>.....#..##.##.##.# ###
##...#......e#.#.....##.##.#
.<..##..........♣...#............
###....#..#.......###.######..>.#
####.............##.######....#
##...#.#.#.#.#.............#
##.........##.##########..#
#.........# # #..# #####.........
#..# #.)........##. #..#
#.########.# #..#


You could see Duvessa (berserk).

Vanquished Creatures
  Dowan (D:4)
  A worker ant (D:4)
  4 gnolls
  6 adders
  An ooze (D:2)
  4 worms
  3 dart slugs
  2 leopard geckos
  5 orcs (D:4)
  8 bats
  4 giant cockroaches
  10 hobgoblins
  10 jackals
  9 kobolds
  A ball python (D:2)
  3 frilled lizards
  5 goblins
  A quokka skeleton (D:4)
  3 rats
81 creatures vanquished.

Notes
Turn   | Place    | Note
-------+----------+-------------------------------------------
     0 | D:1      | Gets the Gargoyle Venom Mage began the quest for the Orb.
     0 | D:1      | Reached XP level 1. HP: 10/10 MP: 3/3
   340 | D:1      | Reached XP level 2. HP: 15/15 MP: 5/5
   893 | D:1      | Learned a level 2 spell: Poisonous Vapours
  1509 | D:2      | Reached XP level 3. HP: 17/19 MP: 0/6
  2007 | D:2      | Found a snail-covered altar of Cheibriados.
  2555 | D:2      | Reached XP level 4. HP: 24/24 MP: 5/8
  2588 | D:2      | Reached skill level 1 in Air Magic
  3108 | D:2      | Found a basalt altar of Yredelemnul.
  3110 | D:2      | Found a glowing silver altar of Zin.
  3537 | D:2      | Reached XP level 5. HP: 3/28 MP: 0/9
  4199 | D:3      | Noticed a sky beast
  4291 | D:3      | Noticed Grinder
  4331 | D:3      | Paralysed by Grinder for 3 turns
  4686 | D:3      | Learned a level 3 spell: Mephitic Cloud
  5048 | D:4      | Reached skill level 4 in Poison Magic
  5140 | D:4      | Noticed Dowan
  5143 | D:4      | Noticed Duvessa
  5157 | D:4      | Killed Dowan
  5157 | D:4      | Reached XP level 6. HP: 23/32 MP: 1/10
  5175 | D:4      | Slain by Duvessa

Skill      XL: |  1  2  3  4  5 |
---------------+----------------+-----
Conjurations   | 2 3 |  3.1
Air Magic      | 1 2 |  2.5
Spellcasting   | 3 |  3.3
Poison Magic   | 4 |  4.1
Dodging        | |  1.5
Stealth        | |  2.1

Action                   |  1- 3 |  4- 6 || total
-------------------------+-------+-------++-------
Melee: Unarmed           |    14 |       ||    14
       Short sword       |    40 |    45 ||    85
 Cast: Sting             |    80 |   107 ||   187
       Poisonous Vapours |       |    14 ||    14
 Abil: Evoke Flight      |       |     1 ||     1
  Use: Scroll            |       |     1 ||     1
       Potion            |       |     2 ||     2
  Eat: Chunk             |     5 |     9 ||    14
Armor: Robe              |    25 |    46 ||    71
Dodge: Dodged            |    75 |    74 ||   149
